 Dungeon Crawl Stone Soup version 0.31-a0-971-g75a2e9a4b4 (webtiles) character file.

Game seed: 4445100269539156025

3556 Arex the Blocker (level 9, -4/75 HPs)
             Began as a Demigod Fighter on Oct 28, 2023.
             Slain by a wyvern (7 damage)
             ... on level 7 of the Dungeon.
             The game lasted 00:13:49 (9234 turns).

Arex the Blocker (Demigod Fighter)                  Turns: 9234, Time: 00:13:49

Health: -4/75      AC: 15    Str: 33    XL:     9   Next: 54%
Magic:  11/11      EV:  7    Int: 10    God:
Gold:   35         SH: 10    Dex: 10    Spells: 8/8 levels left

rFire   + + .        a - +0 war axe
rCold   . . .        l - +0 kite shield
rNeg    . . .        b - +0 plate armour
rPois   .            h - +0 helmet
rElec   .            r - +0 cloak
rCorr   +            (no gloves)
SInv    +            (no boots)
Will    +....        z - amulet of regeneration Stlth
                     o - ring of resist corrosion
HPRegen 1.12/turn    A - ring of Lucuan {rF++ Will+ Str+4 Dex-3 SInv}
MPRegen 0.12/turn

%: no passive effects
@: no status effects
A: high MP 1, forlorn, divine attributes
a: no special abilities


You were on level 7 of the Dungeon.
You visited 1 branch of the dungeon, and saw 8 of its levels.

You collected 507 gold pieces.
You spent 472 gold pieces at shops.

Inventory:

Hand Weapons
 a - a +0 war axe (weapon)
Missiles
 c - 4 boomerangs (quivered)
 f - 4 throwing nets
Armour
 b - a +0 plate armour (worn)
 e - a +0 chain mail
 h - a +0 helmet (worn)
 l - a +0 kite shield (worn)
 r - a +0 cloak (worn)
Jewellery
 o - a ring of resist corrosion (left hand)
 z - an amulet of regeneration (around neck)
 A - the ring of Lucuan (right hand) {rF++ Will+ Str+4 Dex-3 SInv}
   (You bought it in a shop on level 3 of the Dungeon)

   [ring of see invisible]

   Str+4:     It affects your strength (+4).
   Dex-3:     It affects your dexterity (-3).
   rF++:      It greatly protects you from fire.
   Will+:     It increases your willpower.
   SInv:      It lets you see invisible.
Wands
 s - a wand of mindburst (5)
 u - a wand of flame (18)
Scrolls
 i - 3 scrolls of poison
 j - a scroll of teleportation
 y - a scroll of fog {unknown}
 B - a scroll of enchant weapon {unknown}
Potions
 d - a potion of degeneration
 g - a potion of berserk rage
 k - a potion of resistance
 m - a potion of magic
 n - a potion of attraction
 p - 3 potions of curing
 q - 2 potions of cancellation
 t - 2 potions of mutation
 v - a potion of heal wounds {unknown}
 w - a potion of lignification {unknown}
 x - a potion of enlightenment {unknown}


   Skills:
 + Level 6.3 Fighting
 + Level 5.9 Axes
 + Level 6.2 Armour
 * Level 8.0 Shields
 + Level 3.5 Evocations


You had 8 spell levels left.
You didn't know any spells.
Your spell library contained the following spells:

 Spells                   Type           Power      Damage    Failure   Level
 Sting                    Tmut/Pois      0%         1d3       99%         1
 Poisonous Vapours        Pois/Air       0%         N/A       100%        2
 Stone Arrow              Conj/Erth      0%         3d7       100%        3
 Animate Armour           Summ/Erth      0%         N/A       100%        4
 Olgreb's Toxic Radiance  Pois           0%         N/A       100%        4
 Lehudib's Crystal Spear  Conj/Erth      0%         10d2      100%        8


Dungeon Overview and Level Annotations

Branches:
Dungeon (8/15)             Temple (0/1) D:4
   Lair: D:8-11

Shops:
D:3 =

Annotations:
D:8 Pikel


Innate Abilities, Weirdness & Mutations

You have an increased reservoir of magic. (+10% MP)
You shall have no god before yourself.
Your divine heritage dramatically boosts your attributes as you level up.


Message History

The wyvern hisses angrily.
The lemure hits you! The lemure barely misses you.
The lemure hits you but does no damage. You block the lemure's attack.
You slash the lemure!
You kill the lemure!
That felt strangely unrewarding.
You closely miss the lemure. You slash the lemure! You hit the lemure.
The lemure barely misses you.
The lemure hits you but does no damage. x2
The lemure attacks as it pursues you! The lemure hits you!
The lemure barely misses you. The lemure attacks as it pursues you!
The lemure barely misses you.
Pikel, Merchant of Souls comes into view.
He is wielding a +1 whip of electrocution.
The wyvern bites you! The lemure hits you.
The wyvern bites you but does no damage.
You block the lemure's attack.
There is a stone staircase leading up here.
The wyvern barely misses you. The wyvern bites you!
The lemure barely misses you.
You climb upwards.
There is a stone staircase leading down here.
The wyvern bites you. The lemure attacks as it pursues you!
You block the lemure's attack. The lemure hits you but does no damage.
The wyvern bites you. The wyvern attacks as it pursues you!
You block the wyvern's attack. The wyvern bites you.
The wyvern attacks as it pursues you! The wyvern bites you!
The wyvern bites you.
You slash the wyvern!
The wyvern is heavily wounded.
You block the wyvern's attack. The wyvern bites you!
You barely miss the wyvern.
The wyvern is heavily wounded.
The wyvern bites you!
* * * LOW HITPOINT WARNING * * *
The wyvern bites you!
* * * LOW HITPOINT WARNING * * *
You hit the wyvern but do no damage.
The wyvern is heavily wounded.
The wyvern bites you!
You die...

#.# #.# #.#
####################.#########
#..................>.#...))..#
.......####.#######..#)#####.#
.......####.# #..#<# #.#
._.....#....#######..#### #.#
########........@l55....# #.#
## #....#######..##.####.# .#
#....# #.......##.# .# #....#
#.###.#.##.# .#
#....#######'###.#.##.#### .#
#.............##.#.##..... .#
#.............##)#.####### .#
#.............##.#.# .#
#.............##.#.#######


You could see a wyvern and 2 lemures.

Vanquished Creatures
  Psyche (D:8)
  A hornet (D:7)
  Sigmund (D:2)
  3 water moccasins
  A sky beast (D:7)
  2 orc warriors
  2 ice beasts
  2 ogres
  A black bear (D:6)
  A centaur (D:8)
  A phantom (D:3)
  A lemure (D:8)
  A kobold brigand (D:6)
  6 bullfrogs
  5 wights (D:8)
  2 howler monkeys
  A jelly (D:8)
  4 hounds
  5 orc priests
  2 gnoll boudas
  2 sleepcaps
  7 orc wizards
  4 adders
  13 gnolls
  2 white imps
  2 ufetubi (D:5)
  3 worms
  4 dart slugs
  33 orcs
  6 ball pythons
  9 endoplasms
  3 giant cockroaches
  5 goblins
  8 hobgoblins
  8 jackals
  4 quokkas
  8 bats
  3 frilled lizards (D:2)
  11 kobolds
  10 rats
188 creatures vanquished.

Notes
Turn   | Place    | Note
-------+----------+-------------------------------------------
     0 | D:1      | Arex the Demigod Fighter began the quest for the Orb.
     0 | D:1      | Reached XP level 1. HP: 18/18 MP: 3/3
   263 | D:1      | Reached XP level 2. HP: 19/25 MP: 4/4
   366 | D:1      | Reached skill level 3 in Shields
   632 | D:2      | Reached XP level 3. HP: 9/31 MP: 5/5
  1175 | D:2      | Noticed Sigmund
  1192 | D:2      | Killed Sigmund
  1193 | D:2      | Reached XP level 4. HP: 34/40 MP: 6/6
  1193 | D:2      | Reached XP level 5. HP: 40/46 MP: 7/7
  2134 | D:3      | Found Zoxor's One-of-a-Kind Rings.
  2417 | D:3      | Reached skill level 4 in Shields
  2417 | D:3      | Reached XP level 6. HP: 34/52 MP: 8/8
  2752 | D:4      | Identified the +2 dagger of Jiupozxumn {antimagic, Fly
                  | Will+ Int-5 Stlth+}
  2774 | D:5      | Entered Level 5 of the Dungeon
  2952 | D:5      | Reached XP level 7. HP: 41/59 MP: 9/9
  3156 | D:5      | HP: 3/60 [gnoll/+0 flail[a gnoll bouda] (7)]
  3622 | D:4      | Reached skill level 5 in Shields
  4057 | D:4      | Found a staircase to the Ecumenical Temple.
  5437 | D:5      | Reached skill level 5 in Fighting
  5437 | D:5      | Reached skill level 5 in Armour
  5437 | D:5      | Reached XP level 8. HP: 61/68 MP: 10/10
  5486 | D:6      | Reached skill level 6 in Shields
  5562 | D:6      | Reached skill level 1 in Evocations
  6372 | D:7      | Noticed a hornet
  6375 | D:7      | Killed a hornet
  6376 | D:7      | Reached skill level 5 in Axes
  7066 | D:7      | Identified the +1 spear "Kipe" {flame, Str+4 Stlth-}
  7446 | D:7      | Reached skill level 7 in Shields
  7491 | D:7      | Reached XP level 9. HP: 46/75 MP: 11/11
  8152 | D:3      | Bought the ring of Lucuan {rF++ Will+ Str+4 Dex-3 SInv} for
                  | 472 gold pieces
  8771 | D:8      | Noticed Psyche
  8778 | D:8      | Killed Psyche
  8849 | D:8      | Reached skill level 8 in Shields
  9221 | D:8      | Noticed Pikel
  9233 | D:7      | HP: 1/75 [wyvern (12)]
  9234 | D:7      | Slain by a wyvern

Illustrated notes

Levels and vault maps discovered:
D:1:      roderic_dead_forest, layout_rooms, hangedman_decor_growths
D:2:      layout_basic, hellmonk_ecumenical_altar_pennies_from_heaven,
          basic_altar, minmay_quadrilaterals, uniq_sigmund
D:3:      layout_basic, nicolae_shop_unique_rings
D:4:      layout_basic, chequers_temple_overflow_minitemple,
          minmay_temple_entry_stoned_glass, st_stairs_8
D:5:      layout_layer_cave, lemuel_coloured_pillars_altar
D:6:      layout_loops_ring
D:7:      layout_basic, overflow_temple_1_default,
          hangedman_abyss_or_decor_lesser_grid
D:8:      layout_layer_cave, david_lair_generic, serial_shops,
          nicolae_shop_back_alley_shop, serial_rivers,
          chequers_serial_rivers_micro_a, chequers_serial_rivers_small_b,
          chequers_serial_rivers_large_b, chequers_serial_rivers_micro_a,
          uniq_pikel, uniq_psyche

Skill      XL: |  1  2  3  4  5  6  7  8  9 |
---------------+----------------------------+-----
Axes           | 2 3 4 5 |  5.9
Shields        | 3 4 5 7 8 |  8.0
Fighting       | 3 4 5 6 |  6.3
Armour         | 3 4 5 6 |  6.2
Evocations     | 2 3 |  3.5

Action                     |  1- 3 |  4- 6 |  7- 9 || total
---------------------------+-------+-------+-------++-------
  Melee: War axe           |   109 |   136 |   389 ||   634
  Throw: Boomerang         |       |     6 |    55 ||    61
  Evoke: Wand              |       |       |     9 ||     9
    Use: Potion            |     1 |     1 |     3 ||     5
         Scroll            |       |     6 |     4 ||    10
 Armour: Scale mail        |    11 |       |       ||    11
         Chain mail        |    90 |    43 |       ||   133
         Plate armour      |       |    85 |   372 ||   457
  Dodge: Dodged            |    45 |    28 |    94 ||   167
  Block: Buckler           |    23 |    14 |       ||    37
         Kite shield       |       |    38 |   204 ||   242

Table legend: (Time is in decaauts)
 A = Elapsed time spent in this place.
 B = Non-inter-level travel time spent in this place.
 C = Inter-level travel time spent in this place.
 D = Time resting spent in this place.
 E = Time spent auto-exploring this place.
 F = Levels seen in this place.
 G = Mean time per level.
                   A        B        C        D        E       F      G
               +--------+--------+--------+--------+--------+-----+--------+
         Total |   9551 |   8765 |    786 |   2456 |   4519 |   8 | 1193.9 |
       Dungeon |   9551 |   8765 |    786 |   2456 |   4519 |   8 | 1193.9 |
               +--------+--------+--------+--------+--------+-----+--------+

Top non-repeatable levels by time:
     D:5: 2093 daAuts
     D:7: 1995 daAuts
     D:4: 1232 daAuts
     D:3: 994 daAuts
     D:2: 920 daAuts
     D:6: 910 daAuts
     D:8: 810 daAuts
     D:1: 593 daAuts
